 Dungeon Crawl Stone Soup version 0.29.0-4-gdea44cf6ec (webtiles) character file.

Game seed: 154220127391195460

11741 qw the Cleaver (level 11, -3/71 HPs)
             Began as a Gargoyle Berserker on Sept 4, 2022.
             Was an Elder of Trog.
             Killed from afar by a fire dragon (34 damage)
             ... with a blast of flame
             ... on level 11 of the Dungeon.
             The game lasted 00:03:12 (10405 turns).

qw the Cleaver (Gargoyle Berserker)                Turns: 10405, Time: 00:03:13

Health: -3/71      AC: 31    Str: 26    XL:     11   Next: 82%
Magic:  11/11      EV:  7    Int:  7    God:    Trog [****..]
Gold:   324        SH:  5    Dex:  9    Spells: 10/10 levels left

rFire   . . .      SeeInvis +   y - +4 broad axe
rCold   . . .      Faith    .   k - +0 buckler
rNeg    + . .      Spirit   .   d - +0 plate armour
rPois   inf        Reflect  .   (no helmet)
rElec   +          Harm     .   v - +0 cloak
rCorr   .          Rampage  .   n - +1 pair of gloves
Will    .....                   q - +0 pair of boots
Stlth   ..........              p - amulet of Vitality {RegenMP++ Regen++}
HPRegen 1.81/turn               l - ring of see invisible
MPRegen 0.92/turn               b - +4 ring of protection

@: on berserk cooldown, slowed, very slow
A: sickness immunity, AC +8, negative energy resistance 1, electricity
resistance, torment resistance 1, petrification resistance
a: Renounce Religion, Berserk, Trog's Hand, Brothers in Arms


You were on level 11 of the Dungeon.
You worshipped Trog.
Trog was greatly pleased with you.
You visited 1 branch of the dungeon, and saw 11 of its levels.

You collected 635 gold pieces.
You spent 311 gold pieces at shops.


Innate Abilities, Weirdness & Mutations

You are immune to sickness and miasma.
Your stone body is resilient. (AC +8)
You are immune to poison.
You resist negative energy. (rN+)
You are resistant to electric shocks. (rElec)
You are resistant to unholy torment.
You are immune to petrification.


   Skills:
 + Level 9.6 Fighting
 - Level 12.0 Axes
 - Level 3.1 Throwing
 - Level 9.2 Armour
 - Level 2.2 Dodging
 - Level 6.1 Shields


You had 10 spell levels left.
You didn't know any spells.
Your spell library was empty.

Inventory:

Hand Weapons
 w - a +0 morningstar of protection
 y - a +4 broad axe (weapon)
Missiles
 a - 12 boomerangs
 h - 5 javelins (quivered)
 j - 3 silver boomerangs
Armour
 d - a +0 plate armour (worn)
 k - a +0 buckler (worn)
 n - a +1 pair of gloves (worn)
 q - a +0 pair of boots (worn)
 v - a +0 cloak (worn)
 z - a +0 chain mail of fire resistance
Jewellery
 b - a +4 ring of protection (right hand)
 l - a ring of see invisible (left hand)
 p - the amulet of Vitality (around neck) {RegenMP++ Regen++}
   (You found it on level 10 of the Dungeon)

   [amulet of magic regeneration]

   It increases your rate of magic regeneration.
   Regen:     It increases your rate of health regeneration.
 s - a ring of protection from cold
 u - a ring of positive energy
Scrolls
 c - 3 scrolls of identify
 e - 3 scrolls of teleportation
Potions
 f - a potion of cancellation
 g - 3 potions of heal wounds
 i - a potion of mutation
 r - a potion of curing
 t - a potion of resistance

Dungeon Overview and Level Annotations

Branches:
Dungeon (11/15)            Temple (0/1) D:5             Orc (0/2) D:10
   Lair: D:8-11

Altars:
Gozag
Uskayaw

Shops:
D:7 =   D:9 [

Portals:
Abyss: D:3

Annotations:
D:3 1 transporter, qw's ghost, amateur BaCK
D:10 2 transporters, qw's ghost, journeyman GrBe


Message History

A killer bee comes into view.
The fire dragon bites you.
The fire dragon claws you but does no damage.
The fire dragon barely misses you.
An orc comes into view. It is wielding a +0 short sword.
The fire dragon breathes flames at you. The blast of flame hits you!!
The blast of flame hits your ogre!!
Your ogre dies!
Your ogre's corpse disappears in a puff of smoke!
A kobold brigand comes into view.
It is wielding a +3 vorpal shortbow and quivering curare-tipped darts.
The orc warrior moves out of view.
The orc moves out of view.
You hear an angry hiss.
You hear a shout! x2; You hear an angry buzzing noise.
You hear two shouts!
A troll comes into view.
You hit the fire dragon.
The fire dragon is lightly wounded.
The fire dragon barely misses you. The fire dragon claws you.
The fire dragon tramples you but does no damage.
The troll moves out of view.
10403 ||| INVOKING Brothers in Arms.
You fail to use your ability.
An orc warrior comes into view.
It is wielding a +1 hand axe of electrocution.
The fire dragon bites you! You block the fire dragon's attack. x2
The fire dragon bites you but does no damage.
The fire dragon claws you but does no damage.
The fire dragon tramples you but does no damage.
The orc warrior moves out of view.
10404 ||| INVOKING Brothers in Arms.
Your ogre goes berserk!
An orc comes into view. It is wielding a +0 war axe.
The fire dragon bites you but does no damage.
The fire dragon claws you but does no damage.
The fire dragon tramples you.
You stumble backwards!
The orc moves out of view.
You slice the fire dragon!!
The fire dragon is moderately wounded.
The fire dragon barely misses you.
The fire dragon claws you but does no damage.
The fire dragon barely misses you. The fire dragon breathes flames at you.
The blast of flame hits you!!
You die...

#....#...#.............
#....+...#.............
#....#...'.............
##....#...#.............
.. #...#............. ..
#...#............. ..
#...#...##.##....#
#####...##)###..#
......O@...#
#......##D####
#......##O# #.?....0DEJ
#.....yWec## . .##Y# .o


#DO .. CCp .. oOK You could see a fire dragon (catching breath, ally target), a
death knight, a six-headed hydra, a slime creature, 2 two-headed ogres, 2
cyclopes, a deep elf pyromancer, a yak, a fire elemental (summoned), an acid
dragon, a centaur and a friendly ogre (summoned, berserk).

Vanquished Creatures
  A centaur warrior (D:11)
  4 deep trolls (D:10)
  An orc knight (D:10)
  A gargoyle (D:10)
  2 kobold demonologists (D:11)
  2 trolls (D:11)
  A hornet (D:10)
  2 wyverns
  2 wraiths (D:10)
  3 vampire mosquitoes
  A steam dragon (D:7)
  5 orc warriors
  2 black bears
  7 ice beasts
  A sky beast (D:6)
  An ogre (D:6)
  A centaur (D:7)
  3 phantoms
  7 kobold brigands
  2 bullfrogs (D:7)
  2 necrophages
  Blork the orc (D:6)
  17 wights
  11 killer bees (D:9)
  5 howler monkeys
  5 hounds
  3 jellies
  6 orc priests
  3 iguanas
  4 orc wizards
  5 adders
  A shadow imp (D:6)
  3 white imps
  An ufetubus (D:6)
  2 worms (D:5)
  4 dart slugs
  44 orcs
  8 endoplasms
  3 giant cockroaches
  6 goblins
  8 hobgoblins
  4 jackals
  14 kobolds
  3 quokkas
  17 ball pythons
  7 bats
  3 frilled lizards
  4 rats
243 creatures vanquished.

Vanquished Creatures (collateral kills)
  A hydra (D:11)
  A two-headed ogre (D:11)
2 creatures vanquished.

Grand Total: 245 creatures vanquished

Notes
Turn   | Place    | Note
-------+----------+-------------------------------------------
     0 | D:1      | qw the Gargoyle Berserker began the quest for the Orb.
     0 | D:1      | Reached XP level 1. HP: 14/14 MP: 1/1
     0 | D:1      | 0 ||| qw: Version: 0.1-a-103-gd6f5d3a
     0 | D:1      | 0 ||| qw: Game counter: 5736
     0 | D:1      | 0 ||| qw: Always use a shield: true
     0 | D:1      | 0 ||| qw: Do Orc after D:15 true
     0 | D:1      | 0 ||| qw: Do second Lair branch before Depths: true
     0 | D:1      | 0 ||| qw: Lair rune preference: random
     0 | D:1      | 0 ||| qw: Plans: Normal
     0 | D:1      | 0 ||| PLANNING D:1-11
    49 | D:1      | 49 ||| Stepping ~*~*~tactically~*~*~ (stealth).
    60 | D:1      | 60 ||| INVOKING Berserk.
    63 | D:1      | Reached skill level 3 in Axes
   254 | D:1      | 254 ||| Stepping ~*~*~tactically~*~*~ (stealth).
   264 | D:1      | Reached XP level 2. HP: 18/19 MP: 2/2
   356 | D:1      | 356 ||| Stepping ~*~*~tactically~*~*~ (stealth).
   483 | D:1      | 483 ||| Stepping ~*~*~tactically~*~*~ (stealth).
   484 | D:1      | 484 ||| Stepping ~*~*~tactically~*~*~ (stealth).
   487 | D:1      | 487 ||| Stepping ~*~*~tactically~*~*~ (stealth).
   490 | D:1      | 490 ||| Stepping ~*~*~tactically~*~*~ (stealth).
   494 | D:1      | 494 ||| Stepping ~*~*~tactically~*~*~ (stealth).
   514 | D:1      | 514 ||| Stepping ~*~*~tactically~*~*~ (stealth).
   664 | D:1      | Reached skill level 1 in Throwing
   664 | D:1      | Reached XP level 3. HP: 23/23 MP: 3/3
   668 | D:1      | 668 ||| Stepping ~*~*~tactically~*~*~ (stealth).
   671 | D:1      | 671 ||| Stepping ~*~*~tactically~*~*~ (stealth).
   733 | D:1      | 733 ||| Stepping ~*~*~tactically~*~*~ (stealth).
   736 | D:1      | 736 ||| Stepping ~*~*~tactically~*~*~ (stealth).
   787 | D:1      | 787 ||| Stepping ~*~*~tactically~*~*~ (stealth).
   982 | D:1      | Reached ** piety under Trog
   999 | D:1      | 999 ||| DROPPING +0 club.
  1180 | D:1      | 1180 ||| UPGRADING to +0 ring mail.
  1190 | D:1      | 1190 ||| DROPPING +0 animal skin.
  1191 | D:1      | 1191 ||| READING scroll labelled HORYDU NOGE.
  1238 | D:1      | 1238 ||| READING scroll labelled KAROWEA OSUPS.
  1444 | D:2      | Reached skill level 4 in Axes
  1547 | D:2      | Found a faded altar of an unknown god.
  1609 | D:2      | Found an opulent altar of Gozag.
  1848 | D:2      | 1848 ||| Stepping ~*~*~tactically~*~*~ (hiding).
  1849 | D:2      | 1849 ||| Stepping ~*~*~tactically~*~*~ (hiding).
  1860 | D:2      | Reached XP level 4. HP: 28/28 MP: 4/4
  2112 | D:2      | 2112 ||| UPGRADING to +0 plate armour.
  2122 | D:2      | 2122 ||| DROPPING +0 ring mail.
  2123 | D:2      | 2123 ||| READING scroll labelled FULO JOISISOR.
  2124 | D:2      | 2124 ||| READING scroll labelled FYPRUINIEX.
  2125 | D:2      | 2125 ||| READING scroll labelled XUFFUCKIB.
  2208 | D:3      | 2208 ||| SWAPPING to +1 war axe of venom.
  2209 | D:3      | 2209 ||| DROPPING +0 hand axe.
  2359 | D:3      | 2359 ||| Stepping ~*~*~tactically~*~*~ (stealth).
  2472 | D:3      | Noticed qw's ghost (amateur BaCK)
  2474 | D:3      | Found a one-way gate to the infinite horrors of the Abyss.
  2478 | D:3      | Found a transporter.
  2482 | D:3      | Noticed a small abomination
  2581 | D:3      | Noticed a small abomination
  2649 | D:3      | Reached XP level 5. HP: 32/32 MP: 5/5
  2775 | D:3      | 2775 ||| UPGRADING to amulet of the acrobat.
  2780 | D:3      | 2780 ||| UPGRADING to ring of positive energy.
  2781 | D:3      | 2781 ||| UPGRADING to ring of positive energy.
  2782 | D:3      | 2782 ||| DRINKING 3 sedimented silvery potions.
  2783 | D:3      | 2783 ||| DROPPING 2 potions of degeneration.
  2852 | D:4      | Noticed a phantom
  2853 | D:4      | 2853 ||| Stepping ~*~*~tactically~*~*~ (hiding).
  2854 | D:4      | 2854 ||| INVOKING Berserk.
  2856 | D:4      | Reached skill level 5 in Axes
  2864 | D:4      | Killed a phantom
  2865 | D:4      | Reached skill level 3 in Armour
  2865 | D:4      | Reached XP level 6. HP: 37/37 MP: 6/6
  3156 | D:4      | 3156 ||| INVOKING Berserk.
  3353 | D:4      | Noticed a black bear
  3358 | D:4      | 3358 ||| INVOKING Berserk.
  3359 | D:4      | Killed a black bear
  3360 | D:4      | Reached skill level 6 in Axes
  3360 | D:4      | Reached XP level 7. HP: 43/43 MP: 7/7
  3538 | D:4      | 3538 ||| DROPPING +0 whip.
  3857 | D:4      | 3857 ||| Stepping ~*~*~tactically~*~*~ (stealth).
  3859 | D:4      | 3859 ||| Stepping ~*~*~tactically~*~*~ (stealth).
  3876 | D:4      | Reached *** piety under Trog
  3987 | D:4      | 3987 ||| READING scroll labelled KERUDU XIAKLISCH.
  3988 | D:4      | 3988 ||| READING scroll labelled CIWAUNUUNE.
  3989 | D:4      | 3989 ||| READING 3 scrolls of identify.
  3989 | D:4      | 3989 ||| IDENTIFYING amethyst potion
  3990 | D:4      | 3990 ||| READING 2 scrolls of identify.
  3990 | D:4      | 3990 ||| IDENTIFYING grey potion
  3991 | D:4      | 3991 ||| DROPPING potion of ambrosia.
  3992 | D:4      | 3992 ||| DROPPING potion of magic.
  4012 | D:5      | Entered Level 5 of the Dungeon
  4048 | D:5      | 4048 ||| INVOKING Berserk.
  4052 | D:5      | Reached skill level 7 in Axes
  4334 | D:5      | Reached XP level 8. HP: 43/49 MP: 8/8
  4475 | D:5      | 4475 ||| FLEEEEING.
  4476 | D:5      | 4476 ||| FLEEEEING.
  4477 | D:5      | 4477 ||| FLEEEEING.
  4478 | D:5      | 4478 ||| FLEEEEING.
  4479 | D:5      | 4479 ||| FLEEEEING.
  4480 | D:5      | 4480 ||| FLEEEEING.
  4481 | D:5      | 4481 ||| FLEEEEING.
  4482 | D:5      | 4482 ||| FLEEEEING.
  4483 | D:5      | 4483 ||| FLEEEEING.
  4484 | D:5      | 4484 ||| FLEEEEING.
  4485 | D:5      | 4485 ||| STAIRDANCE
  4589 | D:5      | 4589 ||| STAIRDANCE
  4600 | D:5      | 4600 ||| STAIRDANCE
  4691 | D:5      | Found a staircase to the Ecumenical Temple.
  4695 | D:5      | 4695 ||| Stepping ~*~*~tactically~*~*~ (stealth).
  4962 | D:5      | 4962 ||| INVOKING Berserk.
  5007 | D:5      | 5007 ||| Stepping ~*~*~tactically~*~*~ (stealth).
  5008 | D:5      | 5008 ||| Stepping ~*~*~tactically~*~*~ (stealth).
  5009 | D:5      | 5009 ||| Stepping ~*~*~tactically~*~*~ (stealth).
  5140 | D:5      | 5140 ||| READING scroll labelled HUTUZX ESTA.
  5141 | D:5      | 5141 ||| DRINKING 2 bubbling coppery potions.
  5214 | D:6      | 5214 ||| Stepping ~*~*~tactically~*~*~ (stealth).
  5218 | D:6      | 5218 ||| Stepping ~*~*~tactically~*~*~ (stealth).
  5221 | D:6      | 5221 ||| Stepping ~*~*~tactically~*~*~ (hiding).
  5222 | D:6      | 5222 ||| Stepping ~*~*~tactically~*~*~ (hiding).
  5228 | D:6      | Reached skill level 8 in Axes
  5232 | D:6      | 5232 ||| INVOKING Berserk.
  5502 | D:6      | Identified the +7 dagger "Jugg" {spect, *Rage rF+ Int+3}
  5530 | D:6      | Noticed Blork the orc
  5531 | D:6      | 5531 ||| Stepping ~*~*~tactically~*~*~ (hiding).
  5534 | D:6      | 5534 ||| INVOKING Berserk.
  5536 | D:6      | Killed Blork the orc
  5537 | D:6      | Reached skill level 6 in Fighting
  5667 | D:6      | 5667 ||| INVOKING Berserk.
  5721 | D:6      | Reached XP level 9. HP: 55/55 MP: 9/9
  5805 | D:6      | Reached skill level 9 in Axes
  6030 | D:6      | Found a hide-covered altar of Uskayaw.
  6059 | D:6      | 6059 ||| READING scroll of enchant weapon.
  6059 | D:6      | 6059 ||| ENCHANTING +2 war axe of venom.
  6347 | D:6      | 6347 ||| INVOKING Berserk.
  6399 | D:6      | 6399 ||| UPGRADING to +4 ring of protection.
  6401 | D:6      | 6401 ||| DROPPING ring of positive energy.
  6402 | D:6      | 6402 ||| READING scroll labelled ELOYPREGAD.
  6403 | D:6      | 6403 ||| DRINKING 2 puce potions.
  6404 | D:6      | 6404 ||| READING 2 scrolls of identify.
  6404 | D:6      | 6404 ||| IDENTIFYING fizzy golden potion
  6441 | D:7      | 6441 ||| Stepping ~*~*~tactically~*~*~ (stealth).
  6476 | D:7      | 6476 ||| INVOKING Berserk.
  6658 | D:7      | 6658 ||| Stepping ~*~*~tactically~*~*~ (stealth).
  6812 | D:7      | Reached skill level 10 in Axes
  6933 | D:7      | Found Irghokha's Jewellery Shoppe.
  6939 | D:7      | 6939 ||| SHOPLISTING amulet of regeneration (390 gold, have
                  | 353).
  6939 | D:7      | 6939 ||| BUYING ring of see invisible (195 gold).
  6939 | D:7      | Bought a ring of see invisible for 195 gold pieces
  7161 | D:7      | 7161 ||| UPGRADING to +0 pair of gloves.
  7166 | D:7      | 7166 ||| UPGRADING to ring of see invisible.
  7168 | D:7      | 7168 ||| DRINKING 2 bubbling dark potions.
  7169 | D:7      | 7169 ||| READING 2 scrolls of identify.
  7169 | D:7      | 7169 ||| IDENTIFYING fizzy sapphire potion
  7170 | D:7      | 7170 ||| DROPPING potion of berserk rage.
  7171 | D:7      | 7171 ||| DROPPING potion of attraction.
  7287 | D:8      | Reached skill level 6 in Armour
  7288 | D:8      | Reached **** piety under Trog
  7413 | D:8      | 7413 ||| INVOKING Berserk.
  7418 | D:8      | Reached XP level 10. HP: 64/64 MP: 10/10
  7591 | D:8      | 7591 ||| Stepping ~*~*~tactically~*~*~ (stealth).
  7602 | D:8      | 7602 ||| READING scroll of enchant armour.
  7602 | D:8      | 7602 ||| ENCHANTING +0 pair of gloves.
  7773 | D:8      | You fall into a shaft and drop 1 floor!
  7783 | D:9      | 7783 ||| UPGRADING to +0 cloak.
  7788 | D:9      | 7788 ||| READING scroll labelled YVEXIA JOAPP.
  7889 | D:9      | 7889 ||| READING scroll labelled ZARUG YKIUD.
  7890 | D:9      | 7890 ||| READING scroll labelled LAESHR YMPALYB.
  7891 | D:9      | 7891 ||| DRINKING 2 bubbling yellow potions.
  7917 | D:9      | 7917 ||| DROPPING potion of lignification.
  7993 | D:9      | 7993 ||| Stepping ~*~*~tactically~*~*~ (stealth).
  7999 | D:9      | Reached skill level 3 in Throwing
  8076 | D:9      | 8076 ||| Stepping ~*~*~tactically~*~*~ (stealth).
  8123 | D:9      | Found Zikhliol's Armour Shoppe.
  8124 | D:9      | 8124 ||| Stepping ~*~*~tactically~*~*~ (stealth).
  8243 | D:9      | 8243 ||| BUYING +0 buckler (58 gold).
  8243 | D:9      | Bought a +0 buckler for 58 gold pieces
  8243 | D:9      | 8243 ||| BUYING +0 pair of boots (58 gold).
  8243 | D:9      | Bought a +0 pair of boots for 58 gold pieces
  8243 | D:9      | 8243 ||| SHOPLISTING +0 pair of boots of Qazlal's
                  | Benevolence {rC+} (240 gold, have 154).
  8243 | D:9      | 8243 ||| SHOPLISTING +1 plate armour of fire resistance
                  | (455 gold, have 154).
  8243 | D:9      | 8243 ||| SHOPLISTING +14 crystal plate armour of Puicupas
                  | {rC- Regen+ Str+2 Dex+3} (1795 gold, have 154).
  8243 | D:9      | 8243 ||| SHOPLISTING +2 pair of gloves (214 gold, have
                  | 154).
  8284 | D:9      | 8284 ||| Stepping ~*~*~tactically~*~*~ (stealth).
  8286 | D:9      | 8286 ||| Stepping ~*~*~tactically~*~*~ (hiding).
  8393 | D:9      | 8393 ||| DROPPING +0 flail.
  8786 | D:9      | Found an opulent altar of Gozag.
  9205 | D:9      | 9205 ||| UPGRADING to +0 buckler.
  9210 | D:9      | 9210 ||| UPGRADING to +0 pair of boots.
  9215 | D:9      | 9215 ||| READING 4 scrolls of identify.
  9215 | D:9      | 9215 ||| IDENTIFYING clear potion
  9216 | D:9      | 9216 ||| READING 3 scrolls of identify.
  9216 | D:9      | 9216 ||| IDENTIFYING ruby potion
  9217 | D:9      | 9217 ||| READING 2 scrolls of identify.
  9217 | D:9      | 9217 ||| IDENTIFYING coppery potion
  9218 | D:9      | 9218 ||| DROPPING potion of invisibility.
  9219 | D:9      | 9219 ||| DROPPING potion of flight.
  9245 | D:10     | Entered Level 10 of the Dungeon
  9245 | D:10     | Noticed qw's ghost (journeyman GrBe)
  9245 | D:10     | Noticed a two-headed ogre
  9245 | D:10     | Noticed a two-headed ogre
  9245 | D:10     | Found a transporter.
  9246 | D:10     | Identified the +4 giant spiked club of Poverty {speed,
                  | rElec rC+ Int+3}
  9246 | D:10     | Noticed a two-headed ogre
  9247 | D:10     | Noticed a two-headed ogre
  9272 | D:10     | Reached skill level 1 in Shields
  9317 | D:10     | 9317 ||| Stepping ~*~*~tactically~*~*~ (hiding).
  9318 | D:10     | 9318 ||| Stepping ~*~*~tactically~*~*~ (hiding).
  9319 | D:10     | 9319 ||| Stepping ~*~*~tactically~*~*~ (hiding).
  9320 | D:10     | 9320 ||| Stepping ~*~*~tactically~*~*~ (hiding).
  9321 | D:10     | 9321 ||| Stepping ~*~*~tactically~*~*~ (stealth).
  9344 | D:10     | 9344 ||| Stepping ~*~*~tactically~*~*~ (stealth).
  9345 | D:10     | 9345 ||| Stepping ~*~*~tactically~*~*~ (stealth).
  9351 | D:10     | Reached skill level 3 in Shields
  9418 | D:10     | Noticed a deep troll
  9418 | D:10     | Noticed a deep troll
  9419 | D:10     | 9419 ||| Stepping ~*~*~tactically~*~*~ (stealth).
  9420 | D:10     | Noticed a deep troll
  9421 | D:10     | 9421 ||| Stepping ~*~*~tactically~*~*~ (stealth).
  9422 | D:10     | Noticed a deep troll
  9423 | D:10     | 9423 ||| INVOKING Berserk.
  9431 | D:10     | Killed a deep troll
  9432 | D:10     | Killed a deep troll
  9433 | D:10     | Reached skill level 11 in Axes
  9435 | D:10     | Killed a deep troll
  9436 | D:10     | Reached XP level 11. HP: 41/68 MP: 11/11
  9441 | D:10     | HP: 22/102 [deep troll (13)]
  9441 | D:10     | HP: 10/102 [deep troll (12)]
  9444 | D:10     | Killed a deep troll
  9734 | D:10     | Found the amulet of Vitality {RegenMP++ Regen++}
  9785 | D:10     | Reached skill level 9 in Fighting
  9819 | D:10     | Noticed an orc knight
  9819 | D:10     | 9819 ||| Stepping ~*~*~tactically~*~*~ (stealth).
  9821 | D:10     | 9821 ||| Stepping ~*~*~tactically~*~*~ (hiding).
  9823 | D:10     | 9823 ||| Stepping ~*~*~tactically~*~*~ (stealth).
  9824 | D:10     | 9824 ||| Stepping ~*~*~tactically~*~*~ (hiding).
  9825 | D:10     | 9825 ||| INVOKING Berserk.
  9840 | D:10     | Killed an orc knight
  9863 | D:10     | Found a staircase to the Orcish Mines.
 10032 | D:10     | 10032 ||| SWAPPING to +4 broad axe.
 10033 | D:10     | 10033 ||| DROPPING +3 vorpal war axe.
 10172 | D:10     | Found a transporter.
 10230 | D:10     | 10230 ||| UPGRADING to amulet of Vitality {RegenMP++
                  | Regen++}.
 10240 | D:10     | 10240 ||| DROPPING amulet of the acrobat.
 10241 | D:10     | 10241 ||| DROPPING ring of magical power.
 10242 | D:10     | 10242 ||| DRINKING 2 lumpy emerald potions.
 10243 | D:10     | 10243 ||| DRINKING 2 glowing red potions.
 10244 | D:10     | 10244 ||| DROPPING potion of brilliance.
 10264 | D:11     | 10264 ||| Stepping ~*~*~tactically~*~*~ (stealth).
 10266 | D:11     | 10266 ||| Stepping ~*~*~tactically~*~*~ (stealth).
 10268 | D:11     | 10268 ||| Stepping ~*~*~tactically~*~*~ (stealth).
 10269 | D:11     | 10269 ||| INVOKING Berserk.
 10283 | D:11     | Reached skill level 12 in Axes
 10291 | D:11     | Noticed a soul eater
 10292 | D:11     | 10292 ||| DRINKING 2 potions of curing.
 10292 | D:11     | 10292 ||| (to cure confusion)
 10374 | D:11     | 10374 ||| INVOKING Berserk.
 10375 | D:11     | Noticed a centaur warrior
 10380 | D:11     | Noticed a two-headed ogre
 10385 | D:11     | Killed a centaur warrior
 10386 | D:11     | Reached skill level 9 in Armour
 10387 | D:11     | Noticed a two-headed ogre
 10387 | D:11     | Noticed a deep elf pyromancer
 10387 | D:11     | Noticed a six-headed hydra
 10388 | D:11     | Noticed a cyclops
 10388 | D:11     | Noticed a two-headed ogre
 10388 | D:11     | Noticed a fire dragon
 10390 | D:11     | 10390 ||| INVOKING Brothers in Arms.
 10391 | D:11     | 10391 ||| SWAPPING to +0 morningstar of protection.
 10392 | D:11     | Killed a two-headed ogre
 10393 | D:11     | Reached skill level 6 in Shields
 10395 | D:11     | Killed a six-headed hydra
 10395 | D:11     | Noticed a cyclops
 10396 | D:11     | 10396 ||| SWAPPING to +4 broad axe.
 10397 | D:11     | Noticed a death knight
 10397 | D:11     | Noticed a two-headed ogre
 10399 | D:11     | Noticed a six-headed hydra
 10403 | D:11     | 10403 ||| INVOKING Brothers in Arms.
 10404 | D:11     | 10404 ||| INVOKING Brothers in Arms.
 10405 | D:11     | Killed from afar by a fire dragon

Levels and vault maps discovered:
D:1:      dpeg_arrival_pits, layout_basic, minmay_split_cup_small
D:2:      layout_loops_corners, basic_ecumenical_altar, basic_altar
D:3:      layout_loops_cross, gammafunk_ghost_abyssal_escape
D:4:      layout_gridville, minmay_fractal_squares_5
D:5:      layout_gridville, minmay_temple_entry_junction_2
D:6:      layout_basic, mainiacjoe_overflow_tiny_flanked, minmay_pentangle,
          uniq_blork_the_orc
D:7:      layout_rooms, serial_shops,
          nicolae_shop_temple_entry_statues_fountains
D:8:      layout_rooms
D:9:      layout_basic, grunt_gozag_statues, serial_shops, shop_fountains,
          kennysheep_nub
D:10:     layout_rooms, david_orc_5, gammafunk_ghost_smash,
          hellmonk_guarded_unrand_vitality_bloodlust
D:11:     minmay_the_grid_square_5x5_4x4_mashed
          [minmay_the_grid_square_5x5_plus,
          minmay_the_grid_square_5x5_beaten_path,
          minmay_the_grid_square_5x5_bracketed,
          minmay_the_grid_square_5x5_three_walls,
          minmay_the_grid_square_5x5_intrusive_squares,
          minmay_the_grid_square_5x5_prize_waves,
          minmay_the_grid_square_5x5_prize_pseudospiral,
          minmay_the_grid_square_5x5_longway,
          minmay_the_grid_square_5x5_dogpile,
          minmay_the_grid_square_5x5_prize_open,
          minmay_the_grid_square_5x5_prize_gold,
          minmay_the_grid_square_5x5_spiral, minmay_the_grid_square_5x5_mess,
          minmay_the_grid_square_5x5_minivault,
          minmay_the_grid_square_5x5_pentomino_r,
          minmay_the_grid_square_5x5_hourglass], layout_irregular_city,
          erik_lair_dragon, hangedman_weighted_door

Skill      XL: |  1  2  3  4  5  6  7  8  9 10 11 |
---------------+----------------------------------+-----
Axes           | 3 4 5 6 7 8 10 11 12 | 12.0
Throwing       | 1 2 3 |  3.1
Armour         | 3 4 6 8 9 |  9.2
Fighting       | 4 5 6 8 9 |  9.6
Shields        | 5 6 |  6.1
Dodging        | 2 |  2.2

Action                   |  1- 3 |  4- 6 |  7- 9 | 10-12 || total
-------------------------+-------+-------+-------+-------++-------
Melee: Hand axe          |    83 |     4 |       |       ||    87
       War axe           |       |    55 |   187 |   160 ||   402
       Punch             |       |       |     1 |     1 ||     2
       Broad axe         |       |       |       |    53 ||    53
       Morningstar       |       |       |       |     4 ||     4
Throw: Javelin           |    45 |    27 |    60 |    24 ||   156
       Boomerang         |       |       |       |     4 ||     4
Invok: Berserk           |     1 |     3 |     8 |     4 ||    16
       Brothers in Arms  |       |       |       |     2 ||     2
  Use: Scroll            |     2 |     3 |     9 |     7 ||    21
       Potion            |       |     1 |     3 |     4 ||     8
Armor: Animal skin       |    18 |       |       |       ||    18
       Ring mail         |     8 |     2 |       |       ||    10
       Plate armour      |       |    35 |   105 |   209 ||   349
Dodge: Dodged            |    51 |    17 |    74 |    98 ||   240
Block: Buckler           |       |       |       |    25 ||    25

Table legend:
 A = Non-vault XP
 B = Vault XP
 C = Vault XP percentage of total XP
 D = Non-vault monster count
 E = Vault monster count
 F = Vault count percentage of total count
                 A         B        C        D         E       F
            +---------+---------+-------+---------+---------+-------
      Total |    9220 |    7554 |  45.0 |     201 |      44 |  18.0
            +---------+---------+-------+---------+---------+-------
        D:1 |      56 |       5 |   8.2 |      31 |       3 |   8.8
        D:2 |      36 |       0 |   0.0 |      14 |       0 |   0.0
        D:3 |      76 |       0 |   0.0 |      13 |       0 |   0.0
        D:4 |     565 |     128 |  18.5 |      27 |       5 |  15.6
        D:5 |     775 |       0 |   0.0 |      15 |       0 |   0.0
        D:6 |    1129 |     275 |  19.6 |      14 |       5 |  26.3
        D:7 |    1210 |       0 |   0.0 |      22 |       0 |   0.0
        D:8 |     594 |       0 |   0.0 |      19 |       0 |   0.0
        D:9 |    1515 |       0 |   0.0 |      26 |       0 |   0.0
       D:10 |    1747 |    4016 |  69.7 |      10 |      25 |  71.4
       D:11 |    1517 |    3130 |  67.4 |      10 |       6 |  37.5
            +---------+---------+-------+---------+---------+-------
